 Dungeon Crawl Stone Soup version 0.20.1-1-g8b1a95d (console) character file.

36306 hilaritas the Fencer (level 13, -2/114 HPs)
             Began as a Minotaur Gladiator on Mar 16, 2018.
             Was a High Priest of the Shining One.
             Killed from afar by a starcursed mass (7 damage)
             ... with an accursed screaming
             ... on level 3 of the Abyss.
             The game lasted 00:46:04 (13459 turns).

hilaritas the Fencer (Minotaur Gladiator)          Turns: 13459, Time: 00:46:05

Health: -2/114     AC: 20    Str: 29    XL:     13   Next: 52%
Magic:  14/22      EV: 14    Int: 10    God:    the Shining One [*****.]
Gold:   745        SH: 11    Dex: 16    Spells: 6/12 levels left

rFire    + . .     SeeInvis .   O - +0 great sword (elec)
rCold    + . .     Gourm    +   (shield currently unavailable)
rNeg     + + .     Faith    .   K - +4 chain mail of Understanding {rF+ Regen+ Str+4 Stlth-}
rPois    .         Spirit   .   c - +1 hat
rElec    .         Reflect  .   H - scarf of Generosity {MR+ Int+4}
rCorr    .         Harm     .   m - +0 pair of gloves
MR       +....                  t - +1 pair of boots
Stlth    ..........             n - amulet of the gourmand
Regen    0.7/turn               y - ring of protection from cold
MPRegen  0.2/turn               a - +4 ring of dexterity

@: divine shield, glowing
A: retaliatory headbutt, claws 1, horns 2, blink, strong 1
a: Blink, Divine Shield, Cleansing Flame, Summon Divine Warrior, Renounce
Religion


You were on level 3 of the Abyss.
You worshipped the Shining One.
The Shining One was extremely pleased with you.
You were very full.

You visited 3 branches of the dungeon, and saw 16 of its levels.
You visited the Abyss 1 time.
You also visited: Bailey.

You collected 965 gold pieces.
You spent 220 gold pieces at shops.

Inventory:

Hand Weapons
 O - a +0 great sword of electrocution (weapon)
 Q - a +0 battleaxe of flaming
 T - a +0 great sword
Missiles
 d - 2 throwing nets
 w - 7 javelins (quivered)
Armour
 c - a +1 hat (worn)
 m - a +0 pair of gloves (worn)
 q - a +1 plate armour of poison resistance
 t - a +1 pair of boots (worn)
 H - the scarf of Generosity (worn) {MR+ Int+4}
   (You found it on level 8 of the Dungeon)

   It affects your intelligence (+4).
   It affects your resistance to hostile enchantments.
 K - the +4 chain mail of Understanding (worn) {rF+ Regen+ Str+4 Stlth-}
   (You found it on level 7 of the Dungeon)

   It affects your strength (+4).
   It protects you from fire.
   It increases your rate of regeneration.
   It makes you less stealthy.
Jewellery
 a - a +4 ring of dexterity (right hand)
 n - an amulet of the gourmand (around neck)
 v - an uncursed ring of fire
 y - a ring of protection from cold (left hand)
 X - an uncursed ring of flight
 Y - an uncursed ring of ice
Wands
 b - a wand of digging (15/24)
 e - a wand of flame (10/48)
 s - a wand of flame (38/48)
 P - a wand of iceblast (7/15)
 V - a wand of iceblast (12/15)
 W - a wand of acid (6/15)
Scrolls
 u - 2 scrolls of blinking
 x - 2 scrolls of magic mapping
 z - 4 scrolls of recharging
 A - 3 scrolls of enchant weapon
 B - 3 scrolls of fear
 C - 2 scrolls of fog
 D - 6 scrolls of teleportation
 E - 4 scrolls of enchant armour
 L - 4 scrolls of amnesia
 N - 3 scrolls of remove curse
Potions
 g - 5 potions of heal wounds
 h - a potion of might
 i - a potion of magic
 j - 5 potions of curing
 l - 3 potions of flight
 p - 2 potions of brilliance
 r - 3 potions of cancellation
 F - a potion of haste
 J - 3 potions of berserk rage
 S - a potion of invisibility {unknown}
 U - a potion of experience {unknown}
 Z - 2 potions of agility
Books
 I - a book of Air

   Spells                             Type                      Level
   a - Shock                          Conjuration/Air              1
   b - Swiftness                      Charms/Air                   2
   c - Static Discharge               Conjuration/Air              3
   d - Airstrike                      Air                          4
   e - Lightning Bolt                 Conjuration/Air              5
 R - a book of Callings

   Spells                             Type                      Level
   a - Summon Small Mammal            Summoning                    1
   b - Call Imp                       Summoning                    2
   c - Call Canine Familiar           Summoning                    3
   d - Summon Guardian Golem          Hexes/Summoning              3
   e - Summon Lightning Spire         Summoning/Air                4
   f - Summon Ice Beast               Ice/Summoning                4
Comestibles
 f - 6 bread rations
 k - 12 meat rations
 o - 4 royal jellies
 M - 4 fruits


   Skills:
 + Level 10.7 Fighting
 + Level 15.1 Long Blades
 - Level 2.0 Throwing
 - Level 10.0 Armour
 - Level 8.0 Dodging
 - Level 13.7 Invocations


You had 6 spell levels left.
You knew the following spells:

 Your Spells              Type           Power        Failure   Level  Hunger
a - Swiftness             Chrm/Air       #.......     93%         2    ###....
b - Summon Small Mammal   Summ           #...         83%         1    ##.....
c - Tukima's Dance        Hex            #.......     99%         3    ####...


Dungeon Overview and Level Annotations

Branches:
Dungeon (14/15)            Temple (1/1) D:5            Lair (1/6) D:9
    Orc (0/2) D:12
 Vaults: D:13-14

Altars:
Ashenzari
Elyvilon
Hepliaklqana
Makhleb
Okawaru
Vehumet
Zin
The Shining One

Shops:
D:5 ==([!

Annotations:
Lair:1 hilaritas's ghost, journeyman DEEE


Innate Abilities, Weirdness & Mutations

You reflexively headbutt those who attack you in melee.
You have a pair of horns on your head.
You have sharp fingernails.
You can translocate small distances at will.
Your muscles are strong. (Str +2)


Message History

The golden flame engulfs the starcursed mass.
You destroy the starcursed mass!
Your Long Blades skill increases to level 15!
The golden flame engulfs the starcursed mass.
You destroy the starcursed mass!
The golden flame engulfs the blink frog.
The blink frog is almost dead.
The golden flame engulfs the starcursed mass.
You destroy the starcursed mass!
You feel somewhat less full.
You hear a loud, deep croak!
You hear a deafening roar!
You hear a loud, deep croak!
Unknown command.
You closely miss the blink frog. You headbutt the blink frog.
You kill the blink frog!
You block the blink frog's attack.
You closely miss the blink frog. Your headbutt misses the blink frog.
You block the blink frog's attack.
The starcursed mass shrieks in your mind.
You die...

. .. # # . . .. .##
. # ... . .. ## ..
.. .. . ... # ....
#.#.##.# ......
##...#)## ###......
#.....#.###X.......
##.......@F4.......
##..†##.†##.......
## . #### ..... #..
. #.$... ##. .#. #
.... . ... #... .#.
.. . .. . ### . . #
#.


You could see a starcursed mass, a blink frog and a chaos spawn.

Vanquished Creatures
  Rupert (D:13)
  An orc warlord (Bailey)
  Josephine (D:13)
  A rakshasa (Abyss:3)
  2 hydras
  4 two-headed ogres
  Nergalle (D:12)
  3 skeletal warriors (D:12)
  The ghost of hilaritas the Cleaver, a novice FoFi of Okawaru (Bailey)
  3 unseen horrors
  Pikel (D:7)
  3 ugly things
  A worldbinder (Abyss:3)
  2 manticores
  3 starcursed masses (Abyss:3)
  Psyche (D:10)
  A gargoyle (D:13)
  3 spiny frogs (Lair:1)
  A freezing wraith (D:14)
  A komodo dragon (D:9)
  3 trolls
  A polar bear (shapeshifter) (D:14)
  3 raiju (Abyss:3)
  A blink frog (Abyss:3)
  The ghost of hilaritas the Slasher, an amateur OpFi of Sif Muna (D:4)
  7 hippogriffs
  A centaur simulacrum (D:14)
  A spriggan (shapeshifter) (D:11)
  5 yaks (D:11)
  2 wyverns
  2 shadows
  A vampire (D:11)
  4 fire bats (Abyss:3)
  5 wraiths (D:13)
  2 basilisks
  2 small abominations (Abyss:3)
  A steam dragon (D:8)
  A hungry ghost (D:11)
  2 vampire mosquitoes (D:13)
  Edmund (D:4)
  An acid dragon (D:14)
  Menkaure (D:4)
  A water moccasin (Lair:1)
  3 porcupines (Lair:1)
  Duvessa (D:4)
  4 sky beasts
  20 orc warriors
  2 eyes of draining
  3 black bears
  3 ice beasts
  A necrophage (D:11)
  8 centaurs
  5 ogres
  3 boggarts (D:14)
  A phantom (D:6)
  2 crocodiles (Lair:1)
  5 bullfrogs
  5 big kobolds
  A gnoll sergeant (D:7)
  A wyvern zombie (D:10)
  Dowan (D:4)
  11 scorpions
  17 killer bees
  19 wights
  5 howler monkeys
  8 crimson imps
  2 jellies
  4 quasits
  2 bullfrog zombies
  5 centaur zombies
  A centaur skeleton (D:6)
  6 orc priests
  9 hounds
  8 orc wizards
  A bullfrog skeleton (D:4)
  3 iguanas
  13 worker ants
  Terence (D:3)
  2 killer bee zombies (D:6)
  Robin (D:3)
  2 worker ant zombies
  20 gnolls
  A howler monkey skeleton (D:6)
  6 adders
  3 shadow imps
  2 adder skeletons
  3 worms
  2 leopard geckos
  54 orcs
  7 bats
  8 giant cockroaches
  27 goblins
  27 hobgoblins
  4 jackals (D:5)
  7 quokkas
  8 frilled lizards
  A jackal skeleton (D:4)
  A jackal zombie (D:6)
  28 kobolds
  A leopard gecko skeleton (D:7)
  A quokka skeleton (D:6)
  A quokka zombie (D:6)
  2 rats
487 creatures vanquished.

Vanquished Creatures (others)
  A slave (D:10)
  A water moccasin skeleton (D:7)
  A worker ant (D:7)
  2 kobolds (D:10)
  A plant (D:9)
6 creatures vanquished.

Grand Total: 493 creatures vanquished

Notes
Turn   | Place    | Note
-------+----------+-------------------------------------------
     0 | D:1      | hilaritas the Minotaur Gladiator began the quest for the Orb.
     0 | D:1      | Reached XP level 1. HP: 18/18 MP: 0/0
   242 | D:1      | Reached skill level 4 in Long Blades
   556 | D:1      | Reached XP level 2. HP: 25/25 MP: 1/1
  1138 | D:2      | Reached skill level 5 in Long Blades
  1138 | D:2      | Reached XP level 3. HP: 28/30 MP: 2/2
  1289 | D:2      | Found a faded altar of an unknown god.
  1970 | D:3      | Reached XP level 4. HP: 18/37 MP: 3/3
  1971 | D:3      | Reached skill level 6 in Long Blades
  2181 | D:3      | Noticed Terence
  2188 | D:3      | Killed Terence
  2453 | D:3      | Noticed Robin
  2466 | D:3      | Killed Robin
  2466 | D:3      | Reached XP level 5. HP: 39/44 MP: 4/4
  2664 | D:4      | Reached skill level 7 in Long Blades
  2953 | D:4      | Reached skill level 8 in Long Blades
  2953 | D:4      | Reached XP level 6. HP: 41/51 MP: 5/5
  3057 | D:4      | Noticed Edmund
  3080 | D:4      | Killed Edmund
  3111 | D:4      | HP: 5/51 [poisoned by Edmund]
  3119 | D:4      | HP: 5/51 [poisoned by Edmund]
  3261 | D:4      | Reached skill level 9 in Long Blades
  3412 | D:4      | Noticed Duvessa
  3412 | D:4      | Noticed Dowan
  3434 | D:4      | Killed Duvessa
  3434 | D:4      | Reached XP level 7. HP: 34/58 MP: 6/6
  3440 | D:4      | Killed Dowan
  3614 | D:4      | Noticed hilaritas's ghost (amateur OpFi)
  3632 | D:4      | Killed hilaritas's ghost
  3632 | D:4      | Reached skill level 10 in Long Blades
  3878 | D:4      | Reached skill level 5 in Fighting
  3878 | D:4      | Reached skill level 1 in Armour
  4076 | D:4      | Reached XP level 8. HP: 68/69 MP: 7/7
  4343 | D:4      | Noticed Menkaure
  4356 | D:4      | Killed Menkaure
  4978 | D:5      | Entered Level 5 of the Dungeon
  4980 | D:5      | Found Faeptur's Jewellery Shop.
  5052 | D:5      | Found a staircase to the Ecumenical Temple.
  5083 | D:5      | Found Yleogode's Jewellery Emporium.
  5117 | Temple   | Entered the Ecumenical Temple
  5158 | Temple   | Became a worshipper of the Shining One
  5238 | D:5      | Learned a level 2 spell: Swiftness
  5252 | D:5      | Gained mutation: You are frail. (-10% HP) [potion of mutation]
  5252 | D:5      | Gained mutation: You have supernaturally acute eyesight. (SInv) [potion of mutation]
  5252 | D:5      | Gained mutation: Armour fits poorly on your strangely shaped body. [potion of mutation]
  5252 | D:5      | Gained mutation: Your system is resistant to poisons. (rPois) [potion of mutation]
  5253 | D:5      | Lost mutation: Armour fits poorly on your strangely shaped body. [potion of mutation]
  5253 | D:5      | Lost mutation: You are frail. (-10% HP) [potion of mutation]
  5253 | D:5      | Lost mutation: Your system is resistant to poisons. (rPois) [potion of mutation]
  5253 | D:5      | Gained mutation: You are weak. (Str -2) [potion of mutation]
  5253 | D:5      | Gained mutation: You have a pair of large horns on your head. [potion of mutation]
  5254 | D:5      | Lost mutation: You have a pair of large horns on your head. [potion of mutation]
  5254 | D:5      | Lost mutation: You have supernaturally acute eyesight. (SInv) [potion of mutation]
  5254 | D:5      | Lost mutation: You are weak. (Str -2) [potion of mutation]
  5254 | D:5      | Gained mutation: You have sharp fingernails. [potion of mutation]
  5254 | D:5      | Gained mutation: You can translocate small distances at will. [potion of mutation]
  5254 | D:5      | Gained mutation: Your muscles are strong. (Str +2) [potion of mutation]
  5292 | D:5      | Found Doarochu's Armour Shoppe.
  5326 | D:5      | Found Xublyvin's Distillery.
  5331 | D:5      | Bought a potion of heal wounds for 55 gold pieces
  5331 | D:5      | Bought a potion of haste for 110 gold pieces
  5331 | D:5      | Bought a potion of berserk rage for 55 gold pieces
  5506 | D:5      | Found Deppi's Weapon Boutique.
  5624 | D:6      | Reached skill level 1 in Invocations
  5843 | D:6      | Reached XP level 9. HP: 76/82 MP: 9/9
  5846 | D:6      | Reached * piety under the Shining One
  5857 | D:6      | Reached skill level 5 in Armour
  6396 | D:7      | Got a fine chain mail
  6407 | D:7      | Identified the +4 chain mail of Understanding {rF+ Regen+ Str+4 Stlth-} (You found it on level 7 of the Dungeon)
  6459 | D:7      | Noticed Pikel
  6477 | D:7      | Killed Pikel
  6477 | D:7      | Reached skill level 10 in Fighting
  6601 | D:7      | Reached ** piety under the Shining One
  6963 | D:8      | Noticed a two-headed ogre
  6968 | D:8      | Killed a two-headed ogre
  6968 | D:8      | Reached XP level 10. HP: 74/93 MP: 10/12
  7212 | D:8      | Learned a level 1 spell: Summon Small Mammal
  7337 | D:8      | Got a smoking scarf
  7348 | D:8      | Identified the cursed scarf of Generosity {MR+ Int+4} (You found it on level 8 of the Dungeon)
  7666 | D:9      | Reached skill level 5 in Dodging
  7688 | D:9      | Found a staircase to the Lair.
  7720 | D:9      | Reached skill level 10 in Armour
  7839 | D:9      | Reached skill level 5 in Invocations
  7912 | D:9      | Noticed a two-headed ogre
  7919 | D:9      | Killed a two-headed ogre
  8141 | D:10     | Entered Level 10 of the Dungeon
  8500 | D:10     | Reached *** piety under the Shining One
  8905 | D:10     | Noticed Psyche
  8910 | D:10     | Killed Psyche
  8910 | D:10     | Reached XP level 11. HP: 80/100 MP: 11/15
  9083 | D:10     | Noticed an unseen horror
  9093 | D:10     | Killed an unseen horror
  9256 | D:10     | Noticed a two-headed ogre
  9261 | D:10     | Killed a two-headed ogre
  9568 | D:10     | Reached skill level 11 in Long Blades
  9803 | D:11     | Noticed a six-headed hydra
  9822 | D:11     | Killed a six-headed hydra
  9980 | D:11     | Reached skill level 12 in Long Blades
 10063 | D:11     | Noticed a brown ugly thing
 10063 | D:11     | Reached **** piety under the Shining One
 10074 | D:11     | Killed a brown ugly thing
 10585 | D:11     | Learned a level 3 spell: Tukima's Dance
 10633 | D:11     | Reached skill level 13 in Long Blades
 10812 | D:12     | Noticed an unseen horror
 10815 | D:12     | Killed an unseen horror
 10818 | D:12     | You fall through a shaft for 2 floors!
 10856 | D:14     | Noticed a two-headed ogre
 10861 | D:14     | Reached XP level 12. HP: 86/106 MP: 17/17
 10864 | D:14     | Killed a two-headed ogre
 10905 | D:14     | Reached skill level 14 in Long Blades
 10906 | D:14     | Found a flagged portal.
 10995 | Bailey   | Entered a bailey
 11008 | Bailey   | Noticed hilaritas's ghost (novice FoFi)
 11025 | Bailey   | Killed hilaritas's ghost
 11122 | Bailey   | Reached skill level 10 in Invocations
 11256 | Bailey   | Noticed an orc warlord
 11280 | Bailey   | Killed an orc warlord
 11416 | D:13     | Identified a scroll of acquirement
 11434 | D:13     | Noticed a six-headed hydra
 11440 | D:13     | Killed a three-headed hydra
 11644 | D:13     | Noticed Josephine
 11652 | D:13     | Killed Josephine
 11723 | D:13     | Noticed Rupert
 11736 | D:13     | The Shining One protects you from harm!
 11738 | D:13     | Killed Rupert
 11907 | D:12     | Reached XP level 13. HP: 50/113 MP: 18/21
 11994 | D:12     | Reached ***** piety under the Shining One
 12127 | D:12     | Noticed Nergalle
 12133 | D:12     | Killed Nergalle
 12484 | D:12     | Found a staircase to the Orcish Mines.
 12921 | Lair:1   | Entered Level 1 of the Lair of Beasts
 13231 | Lair:1   | Noticed hilaritas's ghost (journeyman DEEE)
 13253 | Lair:1   | Cast into level 3 of the Abyss (hilaritas's ghost)
 13446 | Abyss:3  | Noticed a starcursed mass
 13455 | Abyss:3  | HP: 10/114 [starcursed mass/accursed screaming (6)]
 13456 | Abyss:3  | HP: 3/114 [starcursed mass/accursed screaming (8)]
 13457 | Abyss:3  | Reached skill level 15 in Long Blades
 13459 | Abyss:3  | Killed from afar by a starcursed mass

Skill      XL: |  1  2  3  4  5  6  7  8  9 10 11 12 13 |
---------------+----------------------------------------+-----
Long Blades    | 4 5 6 8 9 10 13 14 15 | 15.1
Fighting       | 3 5 8 10 | 10.7
Armour         | 1 4 8 10 | 10.0
Invocations    | 1 4 7 8 12 13 | 13.7
Dodging        | 4 7 8 |  8.0
Throwing       | |  2.0

Action                   |  1- 3 |  4- 6 |  7- 9 | 10-12 | 13-15 || total
-------------------------+-------+-------+-------+-------+-------++-------
Melee: Long sword        |    73 |   124 |   252 |   233 |       ||   682
       Headbutt          |    15 |    29 |    61 |   157 |    43 ||   305
       Great sword       |       |       |       |   312 |   124 ||   436
       Dagger            |       |       |       |     3 |       ||     3
       Battleaxe         |       |       |       |     4 |       ||     4
Throw: Throwing net      |       |       |     1 |       |       ||     1
       Tomahawk          |       |       |     2 |     5 |       ||     7
       Javelin           |       |       |       |    27 |       ||    27
Invok: Divine Shield     |       |       |       |     8 |     3 ||    11
       Cleansing Flame   |       |       |       |     1 |     2 ||     3
  Use: Scroll            |    10 |     3 |     5 |     9 |       ||    27
       Potion            |       |     2 |     4 |     3 |       ||     9
  Eat: Chunk             |     6 |    11 |    13 |    18 |     6 ||    54
Armor: Leather armour    |     3 |       |       |       |       ||     3
       Ring mail         |    23 |    27 |    58 |       |       ||   108
       Chain mail        |       |       |    20 |   270 |    68 ||   358
Dodge: Dodged            |    50 |    48 |   134 |   336 |    79 ||   647
Block: Other             |       |       |       |    49 |    14 ||    63
       Rpst.: Long sword |     8 |    19 |    35 |    41 |       ||   103
       Great sword       |       |       |       |    40 |    21 ||    61
